 Dungeon Sprint DCSS version 0.27.1-33-g824d729ab1 (webtiles) character file.

Game seed: 7516768241477828771

630 Hipnos the Spear-Bearer (level 7, 0/69 HPs)
             Began as a White Draconian Fighter on Nov 30, 2021.
             Was an Initiate of Okawaru.
             Slain by Sonja (4 damage)
             ... in the Dungeon (Sprint I: "Red Sonja").
             The game lasted 00:02:41 (1257 turns).

Hipnos the Spear-Bearer (White Draconian Fighter)   Turns: 1257, Time: 00:02:42

Health: 0/69       AC:  6    Str: 20    XL:     7   Next: 24%
Magic:  7/7        EV: 12    Int:  8    God:    Okawaru [......]
Gold:   246        SH: 10    Dex: 11    Spells: 6/6 levels left

rFire    . . .     SeeInvis .   a - +0 trident
rCold    + . .     Faith    .   b - +0 kite shield
rNeg     . . .     Spirit   .   (armour unavailable)
rPois    .         Reflect  .   (helmet restricted)
rElec    .         Harm     .   (no cloak)
rCorr    .         Rampage  .   (no gloves)
Will     .....     NoTele   +   (no boots)
Stlth    +.........             (no amulet)
HPRegen  0.21/turn              (no ring)
MPRegen  0.10/turn              (no ring)

@: lethally poisoned (0 -> -2), short of breath, slowed, very slow
A: breathe frost, AC +6, unfitting armour, cold resistance 1, cold-blooded
a: Breathe Frost, Renounce Religion


You were in the Dungeon.
You worshipped Okawaru.
Okawaru was noncommittal.
You visited 1 branch You collected 246 gold pieces.

Inventory:

Hand Weapons
 a - a +0 trident (weapon)
Armour
 b - a +0 kite shield (worn)
Scrolls
 i - a scroll of blinking
Potions
 g - 2 potions of magic


   Skills:
 + Level 8.6 Fighting
 * Level 10.2 Polearms
 + Level 6.9 Dodging
 + Level 7.3 Shields
 + Level 1.6 Unarmed Combat


You had 6 spell levels left.
You didn't know any spells.
Your spell library was empty.

Dungeon Overview and Level Annotations

Branches:
Dungeon (1/1)

Altars:
Cheibriados
Dithmenos
Elyvilon
Fedhas
Gozag
Hepliaklqana
Kikubaaqudgha
Makhleb
Nemelex Xobeh
Okawaru
Qazlal
Ru
Sif Muna
Trog
Uskayaw
Vehumet
Wu Jian
Xom
Yredelemnul
Zin
The Shining One
Jiyva
Lugonu

Shops:
D (

Annotations:
D Sonja


Innate Abilities, Weirdness & Mutations

You can breathe waves of freezing cold which knock back foes.
Your icy white scales are hard. (AC +6)
You cannot fit into any form of body armour.
Your flesh is cold resistant. (rC+)
You are cold-blooded and may be slowed by cold attacks.


Message History

Aim: Sonja, wielding a +2 short sword of distortion and quivering curare-tipped darts (asleep)
You exhale a wave of freezing cold.
The freezing breath hits Sonja!
Sonja is moderately wounded.
Sonja shouts!
Sonja is blown backwards by the freezing wind.
Sonja throws a curare-tipped dart.
You block the curare-tipped dart.
There is an open door here.
Sonja throws a curare-tipped dart.
The curare-tipped dart hits you.
You are poisoned.
You have difficulty breathing.
You feel yourself slow down.
Reach: a) +0 trident
Press: ? - help, Dir - move target, f/p - Sonja
Aim: Sonja, wielding a +2 short sword of distortion and quivering curare-tipped darts (moderately wounded, about 79% to evade your +0 trident)
You reach to attack!
You miss Sonja.
Sonja is moderately wounded.
You feel very sick.
Sonja mumbles some strange words.
Sonja blinks!
Okay, then.
You feel very sick.
There is an open door here.
You miss Sonja.
Your tail-slap misses Sonja.
Sonja is moderately wounded.
You feel sick.
Sonja hits you with a +2 short sword of distortion.
Space warps horribly around you. You block Sonja's attack. x2
Sonja hits you with a +2 short sword of distortion. x3
Space warps horribly around you!
* * * LOW HITPOINT WARNING * * *
You hit Sonja.
Sonja is moderately wounded.
You feel sick.
Sonja hits you with a +2 short sword of distortion.
* * * LOW HITPOINT WARNING * * *
Space bends around you.
* * * LOW HITPOINT WARNING * * *
Sonja hits you with a +2 short sword of distortion.
* * * LOW HITPOINT WARNING * * *
Space bends around you.
You die...

#<.#..').#..'..#__#
#..)..#..)..#..'..+
#..#####+#####'#__#
#..#### #...#(####
#..#__####..##)#
#..#_____##'#_.+
#⌠⌠#_.∩...'..._#
####_..__##_K#'#
#_____###@#.#
####### #.### +$.$+
#$.$# ##.## #+#


You could see Sonja.

Vanquished Creatures
  A slime creature (D)
  Sigmund (D)
  A yak (D)
  An ogre (D)
  A jelly (D)
  Ijyb (D)
6 creatures vanquished.

Notes
Turn   | Place    | Note
-------+----------+-------------------------------------------
     0 | D        | Hipnos the Draconian Fighter began the quest for the Orb.
     0 | D        | Reached XP level 1. HP: 19/19 MP: 1/1
     1 | D        | Noticed Ijyb
    21 | D        | Killed Ijyb
    22 | D        | Reached skill level 3 in Polearms
    22 | D        | Reached XP level 2. HP: 6/28 MP: 2/2
   509 | D        | Noticed an ogre
   533 | D        | Killed an ogre
   534 | D        | Reached skill level 5 in Polearms
   534 | D        | Reached skill level 5 in Shields
   534 | D        | Reached XP level 3. HP: 37/37 MP: 3/3
   534 | D        | Reached XP level 4. HP: 44/44 MP: 4/4
   535 | D        | Noticed Sigmund
   567 | D        | Killed Sigmund
   568 | D        | Reached skill level 7 in Polearms
   568 | D        | Reached skill level 5 in Dodging
   568 | D        | Reached skill level 1 in Unarmed Combat
   568 | D        | Reached XP level 5. HP: 14/52 MP: 5/5
   568 | D        | Reached XP level 6. HP: 16/60 MP: 6/6
   799 | D        | Found an ornate altar of the Wu Jian Council.
   799 | D        | Found a shimmering blue altar of Sif Muna.
   801 | D        | Found a radiant altar of Vehumet.
   811 | D        | Found Ekiekk's Weapon Emporium.
   811 | D        | Found an ancient bone altar of Kikubaaqudgha.
   811 | D        | Found a hazy altar of Hepliaklqana.
   811 | D        | Found a stormy altar of Qazlal.
   811 | D        | Found a hide-covered altar of Uskayaw.
   811 | D        | Found a blossoming altar of Fedhas.
   811 | D        | Found a bloodstained altar of Trog.
   811 | D        | Found an iron altar of Okawaru.
   811 | D        | Found a basalt altar of Yredelemnul.
   811 | D        | Found a glowing golden altar of the Shining One.
   811 | D        | Found a snail-covered altar of Cheibriados.
   811 | D        | Found a sacrificial altar of Ru.
   811 | D        | Found a glowing silver altar of Zin.
   811 | D        | Found a shadowy altar of Dithmenos.
   811 | D        | Found a white marble altar of Elyvilon.
   811 | D        | Noticed a yak
   823 | D        | Killed a yak
   824 | D        | Reached skill level 9 in Polearms
   824 | D        | Found an opulent altar of Gozag.
   825 | D        | Found a sparkling altar of Nemelex Xobeh.
   830 | D        | Became a worshipper of Warmaster Okawaru
  1112 | D        | Found a burning altar of Makhleb.
  1112 | D        | Found a viscous altar of Jiyva.
  1112 | D        | Found a shimmering altar of Xom.
  1112 | D        | Found a corrupted altar of Lugonu.
  1112 | D        | Noticed a slime creature
  1127 | D        | Killed a slime creature
  1128 | D        | Reached skill level 10 in Polearms
  1128 | D        | Your scales start taking on an icy white colour.
  1128 | D        | Reached XP level 7. HP: 44/69 MP: 7/7
  1128 | D        | Gained mutation: Your flesh is cold resistant. (rC+) [White
                  | Draconian growth]
  1250 | D        | Noticed Sonja
  1257 | D        | Slain by Sonja

Illustrated notes

Levels and vault maps discovered:
D:        dungeon_sprint_1 [red_sonja_temple_1, red_sonja_temple_small_1]

Skill      XL: |  1  2  3  4  5  6 |
---------------+-------------------+-----
Fighting       | 4 6 7 8 |  8.6
Polearms       | 3 5 7 10 | 10.2
Dodging        | 3 4 5 6 |  6.9
Shields        | 4 5 6 7 |  7.3
Unarmed Combat | 1 |  1.6

Action                   |  1- 3 |  4- 6 |  7- 9 || total
-------------------------+-------+-------+-------++-------
Melee: Trident           |    21 |    50 |     3 ||    74
       Unarmed           |     5 |       |       ||     5
       Tailslap          |       |     8 |       ||     8
 Abil: Breathe Frost     |       |       |     1 ||     1
  Use: Potion            |     2 |     3 |       ||     5
 Stab: Sleeping          |       |     1 |       ||     1
Armor: Skin              |       |     5 |       ||     5
Dodge: Dodged            |     7 |     6 |       ||    13
Block: Kite shield       |     5 |    13 |     3 ||    21
